[ AOE2 MATCH · #505912801 ]
UnrankedEthiopians vs Chinese
Player's team · LOSS
Rival team · WIN
[ REPLAY ANALYSIS · EXTRACTED FROM THE RECORDED GAME ]
Feudal
10:18
Castle
19:52
Imperial
43:41
| APM avg | 84.1 |
| APM peak | 120 |
| eAPM avg | 48.1 |
| Villagers / military | 302 / 481 |
Focus
⚔️ 48.8% · 🌾 51.2%
Archer ×172 · Skirmisher ×158 · Shotel Warrior ×79 · Spearman ×42 · Trebuchet (Packed) ×12 · Mangonel ×11
Feudal
8:43
Castle
21:04
Imperial
50:19
| APM avg | 79.7 |
| APM peak | 115 |
| eAPM avg | 43.5 |
| Villagers / military | 277 / 541 |
Focus
⚔️ 39.8% · 🌾 60.2%
Skirmisher ×240 · Fire Lancer ×163 · Scout Cavalry ×95 · Iron Pagoda ×14 · Trebuchet (Packed) ×9 · Archer ×8
Match map
Initial resources + every placement click. Lines = walls · curves = elevation contours. ◆ gold · ⬟ stone · ● berries · ✦ relic · ◌ wall gap
Your base· Open — opponent sealed themselves in
[GLD] Abu abdullah's base· ✓ Closed at 21:04 · 44t walls · 1 gate(s)
Smoothed initial terrain · ◌ = detected wall gap · hover for details
Inputs per minute
— 我本善良 - - [GLD] Abu abdullah
Build order — 我本善良
First 150 of 997 actions detected
| 0:00 | Queue | Villager (Male) |
| 0:01 | Queue | Villager (Male) |
| 0:02 | Build | House |
| 0:02 | Build | House |
| 0:08 | Queue | Villager (Male) |
| 0:18 | Queue | Villager (Male) |
| 1:29 | Queue | Villager (Male) |
| 1:29 | Queue | Villager (Male) |
| 2:00 | Build | Lumber Camp |
| 2:00 | Queue | Villager (Male) |
| 2:01 | Queue | Villager (Male) |
| 2:20 | Queue | Villager (Male) |
| 2:46 | Queue | Villager (Male) |
| 2:46 | Queue | Villager (Male) |
| 3:05 | Queue | Villager (Male) |
| 3:05 | Queue | Villager (Male) |
| 3:43 | Queue | Villager (Male) |
| 3:43 | Queue | Villager (Male) |
| 4:07 | Build | House |
| 4:08 | Queue | Villager (Male) |
| 4:09 | Queue | Villager (Male) |
| 4:28 | Queue | Villager (Male) |
| 4:39 | Build | Barracks |
| 4:56 | Queue | Villager (Male) |
| 5:18 | Build | House |
| 5:21 | Queue | Villager (Male) |
| 5:32 | Queue | Militia |
| 5:32 | Queue | Militia |
| 5:47 | Queue | Villager (Male) |
| 5:59 | Queue | Militia |
| 5:59 | Queue | Militia |
| 6:15 | Build | Mill |
| 6:19 | Queue | Villager (Male) |
| 6:19 | Queue | Villager (Male) |
| 6:40 | Queue | Villager (Male) |
| 6:54 | Research | Loom |
| 8:08 | Research | Feudal Age |
| 8:08 | Research | Feudal Age |
| 8:29 | Build | Mill |
| 8:35 | Build | Palisade Wall |
| 8:58 | Build | Palisade Wall |
| 8:59 | Build | Palisade Wall |
| 9:11 | Build | Palisade Wall |
| 9:12 | Build | Palisade Wall |
| 9:18 | Build | Palisade Wall |
| 9:19 | Build | Palisade Wall |
| 9:26 | Build | Palisade Wall |
| 9:57 | Build | Mining Camp |
| 10:06 | Build | House |
| 10:06 | Build | House |
| 10:18 | Age | Feudal Age |
| 10:22 | Build | Archery Range |
| 10:24 | Build | Palisade Wall |
| 10:28 | Research | Man-at-Arms (upgrade) |
| 10:28 | Queue | Villager (Male) |
| 10:33 | Build | House |
| 10:38 | Research | Town Watch |
| 10:44 | Queue | Villager (Male) |
| 11:00 | Queue | Villager (Male) |
| 11:03 | Build | House |
| 11:04 | Queue | Skirmisher |
| 11:08 | Queue | Villager (Male) |
| 11:18 | Research | Double-Bit Axe |
| 11:19 | Research | Double-Bit Axe |
| 11:26 | Queue | Skirmisher |
| 11:26 | Queue | Villager (Male) |
| 11:37 | Build | Palisade Wall |
| 11:48 | Queue | Villager (Male) |
| 11:52 | Build | House |
| 11:52 | Build | House |
| 12:00 | Queue | Archer |
| 12:13 | Queue | Villager (Male) |
| 12:20 | Queue | Archer |
| 12:27 | Build | Farm |
| 12:52 | Build | Farm |
| 12:54 | Build | Farm |
| 13:02 | Queue | Archer |
| 13:05 | Queue | Villager (Male) |
| 13:17 | Queue | Villager (Male) |
| 13:19 | Queue | Archer |
| 13:27 | Build | Farm |
| 13:35 | Build | Farm |
| 13:43 | Queue | Archer |
| 14:13 | Queue | Villager (Male) |
| 14:15 | Build | Farm |
| 14:24 | Queue | Archer |
| 14:26 | Build | Farm |
| 14:28 | Build | Farm |
| 14:52 | Queue | Villager (Male) |
| 15:00 | Queue | Archer |
| 15:01 | Build | Farm |
| 15:03 | Build | Farm |
| 15:05 | Build | Farm |
| 15:16 | Queue | Villager (Male) |
| 15:26 | Queue | Villager (Male) |
| 15:42 | Queue | Villager (Male) |
| 15:43 | Build | Blacksmith |
| 15:54 | Build | House |
| 16:14 | Queue | Skirmisher |
| 16:18 | Build | Farm |
| 16:24 | Queue | Villager (Male) |
| 16:38 | Build | Lumber Camp |
| 16:47 | Queue | Skirmisher |
| 16:53 | Queue | Archer |
| 16:58 | Build | Farm |
| 17:12 | Research | Castle Age |
| 17:12 | Research | Castle Age |
| 17:30 | Queue | Archer |
| 17:43 | Build | House |
| 17:46 | Research | Horse Collar |
| 17:49 | Research | Fletching |
| 17:50 | Research | Fletching |
| 17:52 | Queue | Skirmisher |
| 17:58 | Build | Archery Range |
| 18:18 | Research | Padded Archer Armor |
| 18:19 | Research | Padded Archer Armor |
| 18:32 | Queue | Archer |
| 18:41 | Research | Gold Mining |
| 18:41 | Research | Gold Mining |
| 18:43 | Build | Farm |
| 18:57 | Build | House |
| 18:57 | Queue | Archer |
| 18:58 | Queue | Archer |
| 19:03 | Build | House |
| 19:11 | Queue | Villager (Male) |
| 19:25 | Queue | Archer |
| 19:29 | Research | Horse Collar |
| 19:52 | Age | Castle Age |
| 19:52 | Research | Bodkin Arrow |
| 19:52 | Research | Bodkin Arrow |
| 20:04 | Build | Siege Workshop |
| 20:16 | Research | Crossbowman (upgrade) |
| 20:16 | Research | Crossbowman (upgrade) |
| 20:25 | Build | Farm |
| 20:35 | Queue | Archer |
| 20:35 | Queue | Archer |
| 20:37 | Queue | Villager (Male) |
| 21:00 | Queue | Mangonel |
| 21:16 | Queue | Villager (Male) |
| 21:17 | Queue | Archer |
| 21:17 | Queue | Archer |
| 21:22 | Queue | Villager (Male) |
| 21:25 | Build | House |
| 21:25 | Build | House |
| 21:42 | Queue | Villager (Male) |
| 21:49 | Queue | Mangonel |
| 22:05 | Queue | Villager (Male) |
| 22:21 | Queue | Archer |
| 22:22 | Queue | Archer |
| 22:27 | Queue | Villager (Male) |
Build order — [GLD] Abu abdullah
First 150 of 1058 actions detected
| 0:00 | Research | Loom |
| 0:39 | Queue | Villager (Male) |
| 0:39 | Queue | Villager (Male) |
| 1:05 | Queue | Villager (Male) |
| 1:06 | Queue | Villager (Male) |
| 1:29 | Queue | Villager (Male) |
| 1:57 | Queue | Villager (Male) |
| 2:10 | Build | Mill |
| 2:21 | Queue | Villager (Male) |
| 2:21 | Queue | Villager (Male) |
| 2:48 | Queue | Villager (Male) |
| 2:48 | Queue | Villager (Male) |
| 2:56 | Build | House |
| 3:11 | Queue | Villager (Male) |
| 3:34 | Queue | Villager (Male) |
| 3:34 | Queue | Villager (Male) |
| 3:55 | Queue | Villager (Male) |
| 3:55 | Queue | Villager (Male) |
| 4:15 | Queue | Villager (Male) |
| 4:17 | Queue | Villager (Male) |
| 4:17 | Queue | Villager (Male) |
| 4:18 | Queue | Villager (Male) |
| 4:58 | Build | Lumber Camp |
| 5:43 | Build | House |
| 6:03 | Queue | Villager (Male) |
| 6:27 | Research | Feudal Age |
| 7:08 | Build | Lumber Camp |
| 7:54 | Build | Barracks |
| 8:07 | Build | House |
| 8:07 | Build | House |
| 8:09 | Build | House |
| 8:43 | Age | Feudal Age |
| 8:45 | Queue | Villager (Male) |
| 8:50 | Build | Archery Range |
| 8:56 | Build | House |
| 8:59 | Research | Double-Bit Axe |
| 8:59 | Research | Double-Bit Axe |
| 9:01 | Build | House |
| 9:03 | Queue | Villager (Male) |
| 9:17 | Queue | Villager (Male) |
| 9:19 | Build | Mining Camp |
| 9:30 | Build | Palisade Wall |
| 9:31 | Queue | Archer |
| 9:32 | Queue | Archer |
| 9:47 | Queue | Villager (Male) |
| 9:59 | Queue | Villager (Male) |
| 10:01 | Build | House |
| 10:05 | Queue | Villager (Male) |
| 10:08 | Build | Mill |
| 10:12 | Queue | Archer |
| 10:36 | Build | Palisade Wall |
| 10:46 | Build | Palisade Wall |
| 10:47 | Build | Palisade Wall |
| 10:49 | Build | Palisade Wall |
| 10:51 | Build | Palisade Wall |
| 10:56 | Build | Farm |
| 10:58 | Build | Farm |
| 10:59 | Build | Farm |
| 11:02 | Queue | Archer |
| 11:10 | Build | Palisade Gate |
| 11:11 | Build | Palisade Wall |
| 11:18 | Queue | Villager (Male) |
| 11:24 | Build | Farm |
| 11:54 | Build | House |
| 11:59 | Queue | Villager (Male) |
| 12:08 | Build | Farm |
| 12:09 | Build | Farm |
| 12:22 | Queue | Villager (Male) |
| 12:26 | Build | Farm |
| 12:39 | Queue | Archer |
| 12:43 | Build | Farm |
| 12:53 | Queue | Skirmisher |
| 12:57 | Queue | Villager (Male) |
| 12:57 | Queue | Villager (Male) |
| 13:00 | Build | Farm |
| 13:04 | Build | House |
| 13:05 | Queue | Skirmisher |
| 13:14 | Queue | Skirmisher |
| 13:20 | Queue | Villager (Male) |
| 13:27 | Build | Farm |
| 13:33 | Queue | Skirmisher |
| 13:40 | Build | Farm |
| 13:58 | Build | House |
| 13:59 | Build | House |
| 14:12 | Build | Palisade Wall |
| 14:12 | Queue | Archer |
| 14:13 | Queue | Archer |
| 14:15 | Build | Palisade Wall |
| 14:16 | Build | House |
| 14:24 | Queue | Villager (Male) |
| 14:35 | Queue | Skirmisher |
| 14:40 | Queue | Villager (Male) |
| 14:48 | Queue | Skirmisher |
| 14:50 | Queue | Villager (Male) |
| 14:51 | Queue | Villager (Male) |
| 14:51 | Queue | Villager (Male) |
| 15:03 | Queue | Villager (Male) |
| 15:05 | Queue | Skirmisher |
| 15:17 | Queue | Villager (Male) |
| 15:20 | Build | Blacksmith |
| 15:33 | Queue | Skirmisher |
| 15:39 | Queue | Skirmisher |
| 15:43 | Queue | Villager (Male) |
| 15:45 | Build | House |
| 15:48 | Queue | Villager (Male) |
| 16:07 | Research | Fletching |
| 16:08 | Research | Fletching |
| 16:08 | Queue | Skirmisher |
| 16:12 | Queue | Villager (Male) |
| 16:12 | Queue | Villager (Male) |
| 16:13 | Queue | Villager (Male) |
| 16:15 | Build | Farm |
| 16:15 | Build | Farm |
| 16:17 | Build | Farm |
| 16:20 | Queue | Skirmisher |
| 16:31 | Build | Farm |
| 16:37 | Build | Farm |
| 16:44 | Queue | Skirmisher |
| 16:47 | Queue | Villager (Male) |
| 17:02 | Build | Farm |
| 17:12 | Queue | Skirmisher |
| 17:22 | Build | Farm |
| 17:42 | Build | Farm |
| 17:43 | Queue | Villager (Male) |
| 17:47 | Queue | Skirmisher |
| 18:10 | Build | Farm |
| 18:24 | Research | Castle Age |
| 18:25 | Queue | Skirmisher |
| 18:39 | Research | Horse Collar |
| 18:39 | Research | Horse Collar |
| 18:41 | Queue | Skirmisher |
| 18:45 | Research | Padded Archer Armor |
| 19:00 | Research | Gold Mining |
| 19:23 | Queue | Skirmisher |
| 19:25 | Research | Scale Mail Armor |
| 19:27 | Queue | Skirmisher |
| 19:30 | Research | Gold Mining |
| 19:47 | Queue | Skirmisher |
| 20:35 | Build | House |
| 20:38 | Queue | Villager (Male) |
| 20:40 | Queue | Villager (Male) |
| 21:04 | Age | Castle Age |
| 21:05 | Build | House |
| 21:06 | Research | Elite Skirmisher (upgrade) |
| 21:07 | Research | Bodkin Arrow |
| 21:09 | Queue | Villager (Male) |
| 21:17 | Queue | Villager (Male) |
| 21:22 | Build | University |
| 21:34 | Queue | Fire Lancer |
| 21:49 | Queue | Skirmisher |
Match timeline
| 4:39 | 我本善良 · first_building Barracks |
| 7:54 | [GLD] Abu abdullah · first_building Barracks |
| 8:35 | 我本善良 · wall_segment Palisade Wall x6 |
| 8:43 | [GLD] Abu abdullah · age_up feudal |
| 8:50 | [GLD] Abu abdullah · first_building Archery Range |
| 8:58 | 我本善良 · wall_segment Palisade Wall x7 |
| 8:59 | 我本善良 · wall_segment Palisade Wall x1 |
| 9:11 | 我本善良 · wall_segment Palisade Wall x2 |
| 9:12 | 我本善良 · wall_segment Palisade Wall x4 |
| 9:18 | 我本善良 · wall_segment Palisade Wall x6 |
| 9:19 | 我本善良 · wall_segment Palisade Wall x1 |
| 9:26 | 我本善良 · wall_segment Palisade Wall x2 |
| 9:30 | [GLD] Abu abdullah · wall_segment Palisade Wall x15 |
| 10:18 | 我本善良 · age_up feudal |
| 10:22 | 我本善良 · first_building Archery Range |
| 10:24 | 我本善良 · wall_segment Palisade Wall x1 |
| 10:36 | [GLD] Abu abdullah · wall_segment Palisade Wall x7 |
| 10:46 | [GLD] Abu abdullah · wall_segment Palisade Wall x1 |
| 10:47 | [GLD] Abu abdullah · wall_segment Palisade Wall x1 |
| 10:49 | [GLD] Abu abdullah · wall_segment Palisade Wall x4 |
| 10:51 | [GLD] Abu abdullah · wall_segment Palisade Wall x6 |
| 11:11 | [GLD] Abu abdullah · wall_segment Palisade Wall x7 |
| 11:37 | 我本善良 · wall_segment Palisade Wall x1 |
| 14:12 | [GLD] Abu abdullah · wall_segment Palisade Wall x3 |
| 14:15 | [GLD] Abu abdullah · wall_segment Palisade Wall x1 |
| 19:52 | 我本善良 · age_up castle |
| 20:04 | 我本善良 · first_building Siege Workshop |
| 21:04 | [GLD] Abu abdullah · age_up castle |
| 22:01 | [GLD] Abu abdullah · wall_segment Palisade Wall x3 |
| 22:44 | [GLD] Abu abdullah · wall_segment Palisade Wall x1 |
| 23:35 | [GLD] Abu abdullah · first_building Siege Workshop |
| 33:38 | 我本善良 · first_building Castle |
| 39:10 | 我本善良 · first_market_buy 100 food |
| 39:11 | 我本善良 · first_market_sell 100 wood |
| 43:39 | [GLD] Abu abdullah · first_building Castle |
| 43:41 | 我本善良 · age_up imperial |
| 46:18 | [GLD] Abu abdullah · first_market_sell 500 stone |
| 50:19 | [GLD] Abu abdullah · age_up imperial |
| 53:26 | [GLD] Abu abdullah · first_market_buy 100 stone |
| 59:15 | [GLD] Abu abdullah · first_building Stable |
| 63:08 | 我本善良 · wall_segment Stone Wall x10 |
| 63:11 | 我本善良 · wall_segment Stone Wall x16 |
| 69:37 | 我本善良 · resign |
[ AI ANALYSIS · 1 CREDIT ]
What really happened in this match?
Wolo.gg analyzes every decision: build order, eco, micro, common mistakes by bracket. Personalized analysis on WhatsApp or Discord in 30 seconds.
Civ guide
Ethiopians
Perfil
Jugador #21227185